 Dungeon Crawl Stone Soup version 0.25.1-2-g60ff931df9 (webtiles) character file.

Game seed: 9608457736578737862

2914 Lavandula the Archer (level 9, 64/75 HPs)
             Began as a Centaur Arcane Marksman on Oct 9, 2020.
             Was a Believer of Ashenzari.
             Quit the game on level 7 of the Dungeon.
             The game lasted 00:21:51 (8683 turns).

Lavandula the Archer (Centaur Arcane Marksman)      Turns: 8683, Time: 00:21:51

Health: 64/75      AC: 16    Str: 13    XL:     9   Next: 50%
Magic:  13/13      EV:  6    Int: 14    God:    Ashenzari [**....]
Gold:   235        SH:  0    Dex: 11    Spells: 7/13 levels left

rFire    . . .     SeeInvis .   N - +4 spear (venom)
rCold    . . .     Gourm    .   (no shield)
rNeg     . . .     Faith    .   c - +0 ring mail (curse)
rPois    .         Spirit   .   (no helmet)
rElec    .         Reflect  .   I - +0 cloak
rCorr    .         Harm     .   (no gloves)
MR       +....                  p - +2 centaur barding (curse)
Stlth    ..........             (no amulet)
HPRegen  0.22/turn              k - ring of protection from magic
MPRegen  0.13/turn              E - +4 ring of protection

@: very quick
A: large, hooves 3, deformed body, speed 2, tough skin 3
a: Curse Item, Scrying, Renounce Religion


You were on level 7 of the Dungeon.
You worshipped Ashenzari.
Ashenzari was pleased with you.
You were not hungry.

You visited 1 branch of the dungeon, and saw 7 of its levels.
You also visited: Ossuary.

You collected 235 gold pieces.

Inventory:

Hand Weapons
 a - a +0 shortbow
 h - a +2 whip of venom
 q - a +2 hand axe of electrocution
 J - a +2 dagger of draining
 M - a +1 vampiric trident
 N - a +4 spear of venom (weapon)
Missiles
 d - 38 arrows
 n - 6 javelins (quivered)
 w - a throwing net
 G - 3 poisoned darts
Armour
 c - a cursed +0 ring mail (worn)
 e - a +0 robe
 p - a cursed +2 centaur barding (worn)
 I - a +0 cloak (worn)
Jewellery
 k - a ring of protection from magic (left hand)
 t - an uncursed ring of ice
 E - a +4 ring of protection (right hand)
 H - a +4 ring of slaying
Wands
 m - a wand of flame (10)
 y - a wand of iceblast (17)
Scrolls
 b - a scroll of enchant weapon {unknown}
 g - 5 scrolls of remove curse
 i - a scroll of immolation {unknown}
 j - 5 scrolls of teleportation {unknown}
 l - a scroll of amnesia {unknown}
 s - 2 scrolls of magic mapping
 u - a scroll of blinking {unknown}
 v - 2 scrolls of fear
 L - a scroll of fog
Potions
 o - 2 potions of curing
 r - 3 potions of cancellation
 x - 4 potions of might {unknown}
 z - 2 potions of magic
 A - 3 potions of mutation
 B - 4 potions of heal wounds
 C - 4 potions of stabbing {unknown}
 D - 4 potions of brilliance {unknown}
 F - a potion of haste {unknown}
 O - a potion of berserk rage {unknown}
Comestibles
 f - 11 rations
 K - a chunk of flesh


   Skills:
 - Level 6.1 Fighting
 - Level 14.0 Bows
 - Level 1.3 Dodging
 + Level 2.9 Spellcasting
 - Level 2.6 Hexes


You had 7 spell levels left.
You knew the following spells:

 Your Spells              Type           Power        Failure   Level  Hunger
a - Corona                Hex            #......      16%         1    #......
b - Slow                  Hex            #.......     24%         2    ##.....
c - Inner Flame           Hex/Fire       #.......     63%         3    ###....

Your spell library contained the following spells:

 Spells                   Type           Power        Failure   Level  Hunger
 Confusing Touch          Hex            #.......     43%         3    ###....
 Portal Projectile        Hex/Tloc       #.....       63%         3    ###....
 Gell's Gravitas          Tloc           #.........   82%         3    ###....
 Cause Fear               Hex            #.........   83%         4    #####..
 Leda's Liquefaction      Hex/Erth       #.........   95%         4    #####..
 Petrify                  Tmut/Erth      #.......     99%         4    #####..
 Metabolic Englaciation   Hex/Ice        #.........   100%        5    ######.
 Yara's Violent Unravell  Hex/Tmut       #.........   100%        5    ######.


Dungeon Overview and Level Annotations

Branches:
Dungeon (7/15)            Ossuary (visited)
 Temple: D:4-7

Altars:
Ashenzari
Gozag
Hepliaklqana
Makhleb
Nemelex Xobeh
Sif Muna
Uskayaw
Xom


Innate Abilities, Weirdness & Mutations

You have hooves in place of feet.
Armour fits poorly on your strangely shaped body.
You cover ground very quickly.
You have extremely tough skin. (AC +3)


Message History

A shadow imp is nearby!
A shadow imp is nearby!
The shadow imp lashes its tail.
An orc comes into view. It is wielding a +0 trident of venom.
The orc shouts!
An orc comes into view. It is wielding a +0 dagger.
The shadow imp gestures at you. Pain shoots through your body!
Attack whom?
Press: ? - help, Dir - move target cursor, f - shadow imp
Aim: a shadow imp You reach to attack!
You puncture the shadow imp!
The shadow imp looks as sick as possible!
The shadow imp is almost dead.
You kill the shadow imp!
An orc wizard comes into view. It is wielding a +0 dagger.
Evoke which item? (* to show all) (? for menu, Esc to quit)
Okay, then.
Unknown command.
Are you sure you want to abandon this character and quit the game? (Confirm with "yes".)

..../...# * ,
#.......# , *
#.......# * *
#.......# * , *
#.......##*
#........# . ,,
* #........#...
#............ ,
, #....@..o.o..
#............
#.........#o. ,
, #.........#
#.........# ,
###........## ,
##..........#
###............
, ,
###.........#...
*,,


You could see an orc wizard (wandering) and 2 orcs.

Vanquished Creatures
  A wraith (Ossuary)
  A hungry ghost (D:6)
  Menkaure (D:3)
  2 orc warriors (D:6)
  2 sky beasts
  7 ogres
  2 centaurs
  A gnoll sergeant (D:6)
  A water moccasin zombie (D:5)
  4 scorpions
  5 wights (D:6)
  3 crimson imps (D:5)
  A centaur zombie (D:6)
  An orc priest (D:5)
  A hound (D:6)
  5 orc wizards
  A centaur skeleton (D:6)
  5 worker ants
  An iguana (D:5)
  A killer bee zombie (D:6)
  A big kobold zombie (Ossuary)
  3 mummies (Ossuary)
  A howler monkey zombie (D:5)
  13 gnolls
  5 adders
  A shadow imp (D:7)
  An adder zombie (D:6)
  4 worms
  A dart slug (D:2)
  6 leopard geckos
  12 orcs
  4 giant cockroaches
  8 goblins
  4 hobgoblins
  6 jackals (D:6)
  6 kobolds
  2 quokkas
  A ball python (D:4)
  5 bats
  5 frilled lizards
  6 goblin zombies (Ossuary)
  A hobgoblin zombie (Ossuary)
  A kobold zombie (Ossuary)
  A quokka skeleton (D:5)
  6 rats
150 creatures vanquished.

Notes
Turn   | Place    | Note
-------+----------+-------------------------------------------
     0 | D:1      | Lavandula the Centaur Arcane Marksman began the quest for
                  | the Orb.
     0 | D:1      | Reached XP level 1. HP: 16/16 MP: 2/2
    32 | D:1      | Reached skill level 3 in Bows
    98 | D:1      | Reached XP level 2. HP: 23/23 MP: 3/3
   463 | D:2      | Found a shattered altar of Ashenzari.
   516 | D:2      | Became a worshipper of Ashenzari the Shackled
   691 | D:2      | Reached XP level 3. HP: 30/30 MP: 4/4
  1491 | D:3      | Reached XP level 4. HP: 26/38 MP: 5/5
  2208 | D:3      | Learned a level 2 spell: Slow
  2238 | D:3      | Reached XP level 5. HP: 47/47 MP: 6/6
  2264 | D:3      | Found a hazy altar of Hepliaklqana.
  2272 | D:3      | Reached * piety under Ashenzari
  2342 | D:4      | Noticed Menkaure
  2342 | D:4      | Noticed an ogre
  2458 | D:3      | Found an opulent altar of Gozag.
  2549 | D:3      | Found a shimmering blue altar of Sif Muna.
  2603 | D:3      | Killed Menkaure
  2603 | D:3      | Reached skill level 5 in Fighting
  2603 | D:3      | Reached XP level 6. HP: 6/57 MP: 7/7
  3363 | D:4      | Reached skill level 5 in Bows
  3995 | D:4      | Reached skill level 6 in Bows
  3995 | D:4      | Reached XP level 7. HP: 63/63 MP: 8/8
  4163 | D:5      | Entered Level 5 of the Dungeon
  4224 | D:5      | Found a sand-covered staircase.
  4233 | Ossuary  | Entered an ossuary
  4233 | Ossuary  | Noticed a wraith
  4233 | Ossuary  | Noticed a wraith
  4233 | Ossuary  | Noticed a wraith
  4274 | Ossuary  | Reached skill level 7 in Bows
  4526 | Ossuary  | Noticed a wraith
  4801 | Ossuary  | Killed a wraith
  4801 | Ossuary  | Reached skill level 8 in Bows
  5130 | D:5      | Reached skill level 9 in Bows
  5176 | D:5      | Reached XP level 8. HP: 42/70 MP: 9/9
  5844 | D:5      | Reached skill level 10 in Bows
  6005 | D:5      | Reached skill level 11 in Bows
  6309 | D:5      | Found a shimmering altar of Xom.
  6315 | D:5      | Found a hide-covered altar of Uskayaw.
  6349 | D:5      | Found a burning altar of Makhleb.
  6500 | D:6      | Reached ** piety under Ashenzari
  7090 | D:6      | Reached skill level 12 in Bows
  7179 | D:6      | Found a sparkling altar of Nemelex Xobeh.
  7625 | D:6      | Reached XP level 9. HP: 74/75 MP: 10/10
  7745 | D:6      | Reached skill level 13 in Bows
  8015 | D:6      | Reached skill level 14 in Bows
  8020 | D:6      | Learned a level 3 spell: Inner Flame
  8683 | D:7      | Quit the game

Illustrated notes

Levels and vault maps discovered:
D:1:      onia_arrival_mini_spirals, layout_basic
D:2:      layout_loops_ring, evilmike_ruin_ashenzari, roderic_malta_cross
D:3:      layout_basic, lemuel_coloured_pillars_altar, led_sif_pool,
          lemuel_crystal_altar
D:4:      layout_basic, first_ration, uniq_menkaure
D:5:      minmay_recursive_quarters, layout_layer_cave, minitemple,
          enter_ossuary_1
D:6:      layout_gridville, nemelex_xobeh_ov_fountains_minmay
D:7:      layout_cave_pods, minmay_temple_entry_gardened_gates, basic_altar

Skill      XL: |  1  2  3  4  5  6  7  8  9 |
---------------+----------------------------+-----
Bows           | 3 6 9 12 14 | 14.0
Fighting       | 2 3 4 5 6 |  6.1
Spellcasting   | 2 |  2.9
Dodging        | |  1.3
Hexes          | |  2.6

Action                   |  1- 3 |  4- 6 |  7- 9 || total
-------------------------+-------+-------+-------++-------
Melee: Whip              |    68 |    39 |    98 ||   205
       Kick              |    10 |     6 |    27 ||    43
       Trident           |       |       |     5 ||     5
       Spear             |       |       |    55 ||    55
 Fire: Shortbow          |    30 |    80 |   370 ||   480
Throw: Dart              |       |       |     3 ||     3
 Cast: Slow              |       |       |     1 ||     1
Invok: Curse Item        |       |     1 |       ||     1
Evoke: Wand              |       |       |     1 ||     1
  Use: Scroll            |       |     9 |     3 ||    12
  Eat: Chunk             |     1 |     5 |    10 ||    16
       Ration            |       |       |     1 ||     1
Armor: Ring mail         |    25 |    19 |   114 ||   158
       Robe              |     8 |       |       ||     8
Dodge: Dodged            |    30 |    21 |    53 ||   104
